 Dungeon Crawl Stone Soup version 0.29-a0-887-gcbe080d7e0 (webtiles) character file.

Game seed: 785801346183335413

12035 speeev33 the Cleaver (level 11, 0/104 HPs)
             Began as a Hill Orc Fighter on July 21, 2022.
             Was a High Priest of Okawaru.
             Slain by a wyvern (8 damage)
             ... on level 11 of the Dungeon.
             The game lasted 00:29:50 (16006 turns).

speeev33 the Cleaver (Hill Orc Fighter)            Turns: 16006, Time: 00:29:51

Health: 0/104      AC: 36    Str: 24    XL:     11   Next: 87%
Magic:  11/11      EV:  6    Int:  8    God:    Okawaru [*****.]
Gold:   630        SH:  0    Dex: 10    Spells: 10/10 levels left

rFire   . . .      SeeInvis .   a - +0 war axe
rCold   . . .      Faith    .   F - +0 kite shield
rNeg    . . .      Spirit   .   B - +10 plate armour {ponderous}
rPois   .          Reflect  .   j - +1 helmet
rElec   .          Harm     .   c - +2 cloak {Stlth+}
rCorr   +          Rampage  .   i - +2 pair of gloves
Will    .....                   I - +0 pair of boots
Stlth   ..........              r - amulet of the acrobat
HPRegen 0.27/turn               e - ring of resist corrosion
MPRegen 0.12/turn               (no ring)

@: confused, slow
A: no striking features
a: Renounce Religion, Heroism, Finesse, Duel


You were on level 11 of the Dungeon.
You worshipped Okawaru.
Okawaru was extremely pleased with you.
You visited 2 branches of the dungeon, and saw 12 of its levels.
You also visited: Ossuary.

You collected 688 gold pieces.
You spent 58 gold pieces at shops.

Inventory:

Hand Weapons
 a - a +0 war axe (weapon)
Armour
 c - a +2 cloak of stealth (worn)
 i - a +2 pair of gloves (worn)
 j - a +1 helmet (worn)
 B - a +10 plate armour of ponderousness (worn)
 F - a +0 kite shield (worn)
 I - a +0 pair of boots (worn)
Jewellery
 e - a ring of resist corrosion (left hand)
 r - an amulet of the acrobat (around neck)
 D - a ring of fire
Wands
 l - a wand of mindburst (6)
 q - a wand of flame (18)
 E - a wand of light (3)
 H - a wand of roots (11)
Scrolls
 f - 3 scrolls of identify
 o - 3 scrolls of butterflies
 s - a scroll of blinking
 t - 4 scrolls of enchant armour
 u - 5 scrolls of teleportation
 y - 2 scrolls of fear
 A - 3 scrolls of silence
 G - a scroll of vulnerability {unknown}
Potions
 b - a potion of haste {unknown}
 d - a potion of might
 g - a potion of cancellation
 h - 5 potions of lignification
 k - 3 potions of brilliance {unknown}
 m - a potion of curing
 n - a potion of magic {unknown}
 p - a potion of flight {unknown}
 v - 3 potions of degeneration
 w - 3 potions of attraction
 x - 2 potions of mutation
 z - 2 potions of invisibility {unknown}
 C - a potion of ambrosia {unknown}


   Skills:
 + Level 11.9 Fighting
 + Level 12.6 Axes
 + Level 11.0 Armour
 + Level 8.3 Shields
 - Level 5.0 Evocations


You had 10 spell levels left.
You didn't know any spells.
Your spell library contained the following spells:

 Spells                   Type           Power      Damage    Failure   Level
 Foxfire                  Conj/Fire      0%         2x1d4     100%        1
 Slow                     Hex            0%         N/A       100%        1
 Confusing Touch          Hex            0%         N/A       100%        3
 Conjure Flame            Conj/Fire      0%         6-21      100%        3
 Frozen Ramparts          Ice            0%         1d2       100%        3
 Gell's Gravitas          Tloc           0%         N/A       100%        3
 Ignite Poison            Fire/Tmut/Pois 0%         N/A       100%        3
 Inner Flame              Hex/Fire       0%         N/A       100%        3
 Lesser Beckoning         Tloc           0%         N/A       100%        3
 Mephitic Cloud           Conj/Pois/Air  0%         N/A       100%        3
 Teleport Other           Tloc           0%         N/A       100%        3
 Vampiric Draining        Necr           0%         2d6       100%        3
 Flame Wave               Conj/Fire      0%         2d4       100%        4
 Hailstorm                Conj/Ice       0%         3d3       100%        4
 Ice Form                 Ice/Tmut       0%         N/A       100%        4
 Fireball                 Conj/Fire      0%         3d3       100%        5
 Freezing Cloud           Conj/Ice/Air   0%         6-21      100%        5
 Starburst                Conj/Fire      0%         6d3       100%        6
 Ignition                 Fire           0%         3d3       100%        8
 Summon Guardian Golem    Hex/Summ       Unusable   N/A       N/A         3
 Simulacrum               Ice/Necr       Unusable   N/A       N/A         6
 Haunt                    Necr/Summ      Unusable   N/A       N/A         7
 Malign Gateway           Summ/Tloc      Unusable   N/A       N/A         7

Dungeon Overview and Level Annotations

Branches:
Dungeon (11/15)            Temple (1/1) D:6            Lair (0/5) D:11
    Orc (0/2) D:11        Ossuary (visited)

Altars:
Ashenzari
Cheibriados
Dithmenos
Elyvilon
Fedhas
Gozag
Hepliaklqana
Kikubaaqudgha
Makhleb
Nemelex Xobeh
Okawaru
Qazlal
Ru
Sif Muna
Trog
Uskayaw
Vehumet
Wu Jian
Xom
Yredelemnul
Zin
The Shining One

Shops:
D:2 [   D:6 (   D:11 =


Message History

The vampire bites you. The basilisk bites you.
* * * LOW HITPOINT WARNING * * *
The vampire hits you but does no damage.
The vampire bites you but does no damage.
The basilisk bites you but does no damage.
The wyvern bites you.
The wyvern bites you but does no damage.
The vampire hits you.
* * * LOW HITPOINT WARNING * * *
The vampire bites you but does no damage.
The basilisk bites you.
* * * LOW HITPOINT WARNING * * *
The wyvern bites you but does no damage.
The vampire hits you but does no damage.
The vampire bites you but does no damage.
The basilisk bites you but does no damage.
The wyvern bites you but does no damage.
The wyvern bites you but does no damage.
The vampire hits you but does no damage.
The vampire bites you!
* * * LOW HITPOINT WARNING * * *
The basilisk bites you but does no damage.
The wyvern bites you but does no damage.
The vampire hits you but does no damage.
The vampire bites you but does no damage.
The basilisk bites you but does no damage.
The wyvern barely misses you.
The wyvern bites you but does no damage.
The vampire points at you and mumbles some strange words.
You are confused.
The basilisk bites you but does no damage.
The wyvern bites you but does no damage.
The vampire hits you but does no damage.
The vampire bites you but does no damage.
The basilisk bites you but does no damage.
The wyvern barely misses you.
You turn to flesh and can move again.
You hit the vampire but do no damage. You hit the basilisk but do no damage.
You miss the wyvern. The wyvern bites you!
You die...

..............##.#
.................#
.........###....##
.#####...# #.....##
.#####...###......##
.#####.............##
.#####..............##
.#####..........V....##
...............l@.....#
................l......#
........................
.......................#
......................##
.#####...............##
.#####..............##
.#####..............#
.#####...###......#.#


You could see a basilisk, a vampire and a wyvern.

Vanquished Creatures
  2 two-headed ogres (D:10)
  Amaemon (D:9)
  An orange demon (D:9)
  An unseen horror (D:11)
  An efreet (D:10)
  A troll (D:11)
  Prince Ribbit (D:6)
  Grinder (D:3)
  A wraith (D:11)
  A wyvern (D:9)
  2 fire bats
  3 fire elementals (D:10)
  14 yaks
  2 steam dragons
  Edmund (D:5)
  5 water moccasins
  Duvessa (D:5)
  4 sky beasts
  A black bear (D:7)
  5 orc warriors
  3 ice beasts
  3 ogres
  3 centaurs
  2 phantoms (D:7)
  3 bullfrogs
  A kobold brigand (D:10)
  4 necrophages
  Blork the orc (D:5)
  A gnoll sergeant (D:9)
  2 scorpions
  10 wights
  6 water moccasin zombies (Ossuary)
  Dowan (D:5)
  8 killer bees
  2 electric eels (D:7)
  4 crimson imps (D:4)
  A jelly (D:4)
  2 gnoll boudas
  6 hounds
  An orc priest (D:7)
  Jessica (D:2)
  3 iguanas
  3 orc wizards
  2 mummies (Ossuary)
  Robin (D:3)
  8 adders
  17 gnolls
  A shadow imp (D:6)
  An ufetubus (D:5)
  2 adder zombies (Ossuary)
  4 worms
  3 dart slugs (D:1)
  23 orcs
  5 endoplasms
  A giant cockroach (D:1)
  18 goblins
  9 hobgoblins
  2 jackals (D:4)
  6 quokkas
  5 ball pythons
  8 bats
  8 frilled lizards
  3 gnoll zombies (Ossuary)
  5 hobgoblin zombies (Ossuary)
  10 kobolds
  4 kobold zombies (Ossuary)
  5 orc zombies (Ossuary)
271 creatures vanquished.

Vanquished Creatures (others)
  A gnoll (D:10)
1 creature vanquished.

Grand Total: 272 creatures vanquished

Notes
Turn   | Place    | Note
-------+----------+-------------------------------------------
     0 | D:1      | speeev33 the Hill Orc Fighter began the quest for the Orb.
     0 | D:1      | Reached XP level 1. HP: 19/19 MP: 1/1
   177 | D:1      | Reached XP level 2. HP: 27/27 MP: 2/2
   178 | D:1      | Reached skill level 3 in Axes
   269 | D:1      | Found a faded altar of an unknown god.
   321 | D:1      | Reached XP level 3. HP: 33/33 MP: 3/3
   838 | D:2      | Found Maheg's Armour Boutique.
   916 | D:2      | Bought a +0 helmet for 58 gold pieces
  1251 | D:2      | Found a snail-covered altar of Cheibriados.
  1266 | D:2      | Noticed Jessica
  1270 | D:2      | Killed Jessica
  1271 | D:2      | Reached XP level 4. HP: 41/41 MP: 4/4
  1835 | D:3      | Got Lateli Rahyps's Discourse on Rime
  1845 | D:3      | Found a broken altar of Ashenzari.
  1848 | D:3      | Noticed Robin
  1861 | D:3      | Reached skill level 4 in Axes
  1863 | D:3      | HP: 2/41 [worm (5)]
  1864 | D:3      | Killed Robin
  1865 | D:3      | Reached XP level 5. HP: 3/47 MP: 5/5
  2252 | D:3      | Noticed a water moccasin
  2259 | D:3      | Killed a water moccasin
  2260 | D:3      | Reached skill level 5 in Fighting
  2260 | D:3      | Reached XP level 6. HP: 34/56 MP: 6/6
  2506 | D:3      | Reached skill level 5 in Axes
  2644 | D:3      | Noticed Grinder
  2659 | D:3      | Killed Grinder
  2660 | D:3      | Reached skill level 5 in Armour
  2816 | D:4      | Reached XP level 7. HP: 62/62 MP: 7/7
  2896 | D:4      | Found a sand-covered staircase.
  2900 | Ossuary  | Entered an ossuary
  2926 | Ossuary  | Reached skill level 6 in Axes
  3242 | Ossuary  | Reached XP level 8. HP: 25/71 MP: 8/8
  3563 | D:4      | Reached skill level 7 in Axes
  4046 | D:4      | Found a shimmering altar of Xom.
  4406 | D:5      | Entered Level 5 of the Dungeon
  4437 | D:5      | Reached skill level 8 in Axes
  4844 | D:5      | Got the Octavo of the Flock
  4945 | D:5      | Reached XP level 9. HP: 69/82 MP: 9/9
  5170 | D:5      | Found a burning altar of Makhleb.
  5170 | D:5      | Noticed a blizzard demon
  5173 | D:5      | Noticed an orange demon
  5313 | D:5      | Noticed Edmund
  5337 | D:5      | Killed Edmund
  5338 | D:5      | Reached skill level 9 in Axes
  5517 | D:5      | Noticed Blork the orc
  5526 | D:5      | Killed Blork the orc
  5703 | D:5      | Noticed Duvessa
  5704 | D:5      | Noticed Dowan
  5710 | D:5      | Killed Duvessa
  5712 | D:5      | Killed Dowan
  6055 | D:6      | Found Duges's Antique Weapon Boutique.
  6316 | D:6      | Noticed Prince Ribbit
  6333 | D:6      | Killed Prince Ribbit
  6946 | D:6      | Reached skill level 10 in Axes
  6969 | D:6      | Found a staircase to the Ecumenical Temple.
  6974 | Temple   | Entered the Ecumenical Temple
  7024 | Temple   | Became a worshipper of Warmaster Okawaru
  7249 | D:6      | Reached skill level 5 in Shields
  7252 | D:6      | Reached skill level 1 in Evocations
  8020 | D:6      | HP: 4/85 [something (7)]
  8030 | D:6      | HP: 2/85 [something (4)]
  8949 | D:7      | Reached XP level 10. HP: 32/93 MP: 10/10
  9253 | D:7      | Found a shimmering blue altar of Sif Muna.
  9804 | D:7      | Found a shadowy altar of Dithmenos.
  9927 | D:7      | Reached skill level 10 in Fighting
 10315 | D:7      | Reached * piety under Okawaru
 10816 | D:8      | Reached skill level 11 in Axes
 10976 | D:8      | Reached ** piety under Okawaru
 11190 | D:8      | Found a snail-covered altar of Cheibriados.
 12184 | D:9      | Reached XP level 11. HP: 73/101 MP: 11/11
 12296 | D:9      | Reached skill level 10 in Armour
 12339 | D:9      | Reached *** piety under Okawaru
 12349 | D:9      | Noticed Amaemon
 12375 | D:9      | Killed Amaemon
 12375 | D:9      | HP: 4/101 [poisoned by Amaemon]
 13378 | D:10     | Entered Level 10 of the Dungeon
 13510 | D:10     | HP: 2/102 [efreet/fireball (24)]
 14219 | D:10     | Reached skill level 12 in Axes
 14219 | D:10     | Reached skill level 5 in Evocations
 14650 | D:10     | Found a glowing golden altar of the Shining One.
 14849 | D:10     | Reached **** piety under Okawaru
 15046 | D:10     | Found an ancient bone altar of Kikubaaqudgha.
 15085 | D:10     | Received a gift from Okawaru
 15279 | D:10     | Noticed a two-headed ogre
 15289 | D:10     | Killed a two-headed ogre
 15545 | D:11     | Found a staircase to the Orcish Mines.
 15665 | D:11     | Noticed a two-headed ogre
 15686 | D:10     | Killed a two-headed ogre
 15840 | D:11     | Reached ***** piety under Okawaru
 15901 | D:11     | Found Orumirimp's Jewellery Shoppe.
 15923 | D:11     | Noticed a seven-headed hydra
 15924 | D:11     | Found a staircase to the Lair.
 16006 | D:11     | Slain by a wyvern

Illustrated notes

Levels and vault maps discovered:
D:1:      psy_arrival_terrarium, layout_basic, dreamdust_ecumenical_altar_grove,
          st_stairs_5
D:2:      layout_basic, serial_shops, nicolae_shop_waterfront, basic_altar,
          kennysheep_flooded_box, uniq_jessica
D:3:      layout_rooms, ashenzari_altar_1, uniq_grinder, uniq_robin
D:4:      cheibrodos_helix_gallery, layout_rooms, led_xom_imps,
          nicolae_ossuary_entry_false_entrances, serial_bayou_pond_b,
          minmay_close_crescents
D:5:      layout_basic, makhleb_altar_promises_db, uniq_duvessa, uniq_edmund,
          uniq_blork_the_orc
D:6:      layout_gridville, temple_doors_e, minmay_misc_feat_enclosed,
          nicolae_stop_n_shop_2, uniq_prince_ribbit1
D:7:      layout_rooms, nicolae_overflow_squiral
D:8:      layout_cave_pods, slow_altar_2
D:9:      layout_stronghold, uniq_amaemon
D:10:     minmay_firetagon, layout_grid_maze,
          mainiacjoe_overflow_small_starburst,
          mainiacjoe_overflow_surrounded_room, grunt_decor_arrowhead
D:11:     layout_big_octagon, david_lair_generic, orc_david_3, serial_shops,
          nicolae_take_the_stairs, lightli_wizard_tower
Temple:   nicolae_temple_great_sept

Skill      XL: |  1  2  3  4  5  6  7  8  9 10 11 |
---------------+----------------------------------+-----
Axes           | 3 4 5 6 8 10 11 12 | 12.6
Fighting       | 4 5 6 8 9 10 11 | 11.9
Armour         | 4 5 6 7 9 11 | 11.0
Shields        | 4 5 6 8 |  8.3
Evocations     | 1 4 5 |  5.0

Action                   |  1- 3 |  4- 6 |  7- 9 | 10-12 || total
-------------------------+-------+-------+-------+-------++-------
Melee: War axe           |    91 |    81 |   442 |   499 ||  1113
Throw: Throwing net      |       |       |     1 |       ||     1
Invok: Heroism           |       |       |       |     3 ||     3
Evoke: Wand              |       |       |       |     6 ||     6
  Use: Potion            |       |     3 |     2 |     9 ||    14
       Scroll            |       |     6 |     4 |     9 ||    19
Armor: Scale mail        |     7 |       |       |       ||     7
       Chain mail        |    69 |    87 |   413 |    91 ||   660
       Plate armour      |       |       |       |   500 ||   500
Dodge: Dodged            |    45 |    41 |   255 |   331 ||   672
Block: Buckler           |    29 |    20 |    68 |       ||   117
       Kite shield       |       |       |    59 |   328 ||   387

Table legend: (Time is in decaauts)
 A = Elapsed time spent in this place.
 B = Non-inter-level travel time spent in this place.
 C = Inter-level travel time spent in this place.
 D = Time resting spent in this place.
 E = Time spent auto-exploring this place.
 F = Levels seen in this place.
 G = Mean time per level.
                   A        B        C        D        E       F      G
               +--------+--------+--------+--------+--------+-----+--------+
         Total |  16443 |  16010 |    433 |   6319 |   5422 |  13 | 1264.8 |
       Dungeon |  15690 |  15277 |    413 |   5931 |   5324 |  11 | 1426.4 |
        Temple |    137 |    117 |     20 |      0 |     98 |   1 |  137.0 |
       Ossuary |    615 |    615 |      0 |    388 |      0 |   1 |  615.0 |
               +--------+--------+--------+--------+--------+-----+--------+

Top non-repeatable levels by time:
     D:5: 2470 daAuts
     D:9: 2443 daAuts
     D:6: 1877 daAuts
     D:7: 1843 daAuts
     D:8: 1515 daAuts
    D:10: 1344 daAuts
     D:2: 1223 daAuts
     D:3: 1034 daAuts
     D:4: 846 daAuts
     D:1: 795 daAuts
 Ossuary: 615 daAuts
    D:11: 294 daAuts
  Temple: 137 daAuts
